 Dungeon Crawl Stone Soup version 0.32-a0-893-gf85d74f360 (webtiles) character file.

Game seed: 6663098971712267356

680 Neon14 the Chopper (level 7, -18/93 HPs)
             Began as a Minotaur Berserker on Apr 3, 2024.
             Was a Priest of Trog.
             Demolished by an ogre
             ... wielding a +0 giant club
              (27 damage)
             ... on level 5 of the Dungeon.
             The game lasted 00:06:25 (4079 turns).

Neon14 the Chopper (Minotaur Berserker)             Turns: 4079, Time: 00:06:26

Health: -18/93     AC:  4    Str: 23    XL:     7   Next: 34%
Magic:  6/6        EV: 11    Int:  4    God:    Trog [***...]
Gold:   256        SH:  0    Dex: 10    Spells: 6/6 levels left

rFire   . . .        m - +0 war axe
rCold   + . .        (no shield)
rNeg    . . .        g - +0 leather armour
rPois   .            f - +1 hat
rElec   .            (no cloak)
rCorr   .            (no gloves)
SInv    .            (no boots)
Will    ++...        (no amulet) Stlth
                     (no ring)
HPRegen 1.00/turn    (no ring)
MPRegen 0.10/turn

%: no passive effects
@: berserking, lethally poisoned (-18 -> -21), strong-willed, regenerating,
slowed
A: horns 2, retaliatory headbutt, hooves 1, cold resistance 1, inhibited
regeneration
a: Renounce Religion, Berserk, Trog's Hand


You were on level 5 of the Dungeon.
You worshipped Trog.
Trog was most pleased with you.
You visited 1 branch of the dungeon, and saw 5 of its levels.

You collected 256 gold pieces.

Inventory:

Hand Weapons
 a - a +0 hand axe
 m - a +0 war axe (weapon)
 n - a +5 club
Armour
 b - a +0 animal skin
 f - a +1 hat (worn)
 g - a +0 leather armour (worn)
Jewellery
 t - an amulet of the acrobat
Wands
 q - a wand of polymorph (8)
Scrolls
 c - 2 scrolls of teleportation {unknown}
 d - 3 scrolls of enchant armour {unknown}
 h - 4 scrolls of torment {unknown}
 i - 2 scrolls of revelation {unknown}
 j - 6 scrolls of identify {unknown}
 r - 2 scrolls of fear {unknown}
 s - a scroll of enchant weapon {unknown}
Potions
 e - a potion of brilliance {unknown}
 k - a potion of berserk rage
 l - 2 potions of might {unknown}
 o - a potion of magic {unknown}
 p - a potion of degeneration {unknown}


   Skills:
 + Level 5.7 Fighting
 + Level 7.7 Axes
 + Level 4.1 Armour
 + Level 3.5 Dodging
 + Level 1.1 Stealth
 + Level 0.8 Unarmed Combat


You had 6 spell levels left.
You didn't know any spells.
Your spell library was empty.

Dungeon Overview and Level Annotations

Branches:
Dungeon (5/15)
 Temple: D:4-7

Altars:
Elyvilon
Fedhas
Kikubaaqudgha
Okawaru
Xom

Shops:
D:4 [(*:

Annotations:
D:3 2 transporters, TheSexyCheese's ghost, amateur OpFE


Innate Abilities, Weirdness & Mutations

You have a pair of horns on your head.
You reflexively headbutt those who attack you in melee.
You have large cloven feet.
Your flesh is cold resistant. (rC+)
You do not regenerate when monsters are visible.


Message History

You headbutt the hornet!
The hornet is moderately wounded.
You barely miss the killer bee.
You feel yourself speed up.
You feel very sick. The killer bee barely misses you.
The iguana hisses menacingly.
The hornet stings you!
You feel yourself slow down. The killer bee stings you.
You are more poisoned.
The killer bee poisons you!
You miss the hornet.
The hornet is moderately wounded.
You barely miss the killer bee.
You feel very sick. The killer bee misses you. You furiously retaliate!
You headbutt the killer bee!!
You kill the killer bee!
Trog accepts your kill.
The hornet stings you but does no damage.
The hornet stings you.
* * * LOW HITPOINT WARNING * * *
You feel as though you will be slow longer.
You slash the hornet! Your kick misses the hornet.
Your headbutt misses the hornet.
The hornet is severely wounded.
You barely miss the iguana.
You feel very sick. The hornet misses you. The iguana closely misses you.
The hornet misses you. You furiously retaliate!
You headbutt the hornet.
The iguana bites you but does no damage.
You miss the hornet. Your kick misses the hornet.
Your headbutt misses the hornet.
The hornet is almost dead.
You slash the iguana! You closely miss the ogre.
You feel very sick. The hornet stings you!
* * * LOW HITPOINT WARNING * * *
You feel as though you will be slow longer.
The ogre hits you with a +0 giant club!!
You die...

#.... ... ## ....
#.. ... #..# #.#
#.## ######### ...
..#..... #..$....#
#.# #.#..ß.
#.......#
#.###..%ßß
#.......###...yO#
#.......#.....l@#
#.......#.###.###
#.[.......#..⌠..#
#.......#.#.....#.
#########..⌠.⌠.⌠l.
#.....#.....#.$
#..##.#..⌠..#..o
## ##..##.###.###
#.
..#............#


You could see a hornet, an ogre and an iguana.

Vanquished Creatures
  2 centaurs (D:5)
  A killer bee (D:5)
  A bombardier beetle (D:4)
  A hound (D:5)
  3 sleepcaps (D:5)
  Jessica (D:2)
  Natasha (thrice) (D:3)
  An iguana (D:5)
  Robin (D:2)
  7 adders
  A gnoll (D:1)
  2 ufetubi (D:5)
  4 dart slugs
  3 ribbon worms
  2 orcs (D:3)
  6 bats
  7 endoplasms
  2 giant cockroaches
  16 goblins
  13 hobgoblins
  3 jackals (D:1)
  7 kobolds
  3 quokkas
  9 ball pythons
  4 frilled lizards
  5 rats
108 creatures vanquished.

Notes
Turn   | Place    | Note
-------+----------+-------------------------------------------
     0 | D:1      | Neon14 the Minotaur Berserker began the quest for the Orb.
     0 | D:1      | Reached XP level 1. HP: 19/19 MP: 0/0
    78 | D:1      | Reached skill level 4 in Axes
    78 | D:1      | Reached XP level 2. HP: 20/27 MP: 1/1
   556 | D:1      | Reached XP level 3. HP: 33/33 MP: 2/2
   761 | D:1      | Reached ** piety under Trog
  1206 | D:2      | Noticed Jessica
  1206 | D:2      | Noticed Robin
  1211 | D:2      | Killed Jessica
  1212 | D:2      | Reached XP level 4. HP: 41/41 MP: 3/3
  1214 | D:2      | Reached skill level 5 in Axes
  1219 | D:2      | Killed Robin
  1377 | D:2      | Reached XP level 5. HP: 47/47 MP: 4/4
  1521 | D:2      | Reached *** piety under Trog
  1822 | D:3      | Found a transporter.
  1822 | D:3      | Noticed TheSexyCheese's ghost (amateur OpFE)
  1870 | D:3      | Noticed Natasha
  1874 | D:3      | Killed Natasha
  1910 | D:3      | Found a transporter.
  1926 | D:3      | Noticed Natasha
  1932 | D:3      | Killed Natasha
  2154 | D:3      | Noticed Natasha
  2182 | D:3      | Gained mutation: You are robust. (+10% HP) [potion of
                  | mutation]
  2188 | D:3      | Killed Natasha
  2189 | D:3      | Reached skill level 5 in Fighting
  2189 | D:3      | Reached skill level 6 in Axes
  2331 | D:3      | Lost mutation: You are robust. (+10% HP) [potion of
                  | mutation]
  2331 | D:3      | Gained mutation: Your flesh is cold resistant. (rC+)
                  | [potion of mutation]
  2331 | D:3      | Gained mutation: You do not regenerate when monsters are
                  | visible. [potion of mutation]
  2331 | D:3      | Gained mutation: You have large cloven feet. [potion of
                  | mutation]
  2656 | D:3      | Found an ancient bone altar of Kikubaaqudgha.
  2694 | D:4      | Found Quedu's Weapon Emporium.
  2715 | D:4      | Found Pimuodgh's Book Emporium.
  2874 | D:4      | Reached XP level 6. HP: 53/56 MP: 5/5
  2963 | D:4      | Found Kapas's Armour Emporium.
  2998 | D:4      | Found a shimmering altar of Xom.
  2998 | D:4      | Found a blossoming altar of Fedhas.
  3002 | D:4      | Found a white marble altar of Elyvilon.
  3002 | D:4      | Found an iron altar of Okawaru.
  3105 | D:4      | Found Vif Zuxo's General Store.
  3244 | D:5      | Entered Level 5 of the Dungeon
  3388 | D:5      | Reached skill level 7 in Axes
  3570 | D:5      | Reached XP level 7. HP: 54/61 MP: 6/6
  4045 | D:5      | Reached skill level 1 in Stealth
  4069 | D:5      | Noticed a hornet
  4079 | D:5      | Demolished by an ogre

Illustrated notes

Levels and vault maps discovered:
D:1:      beargit_arrival_diablo_church, layout_basic, serial_rivers,
          chequers_serial_rivers_small_3, chequers_serial_rivers_micro_c,
          chequers_serial_rivers_micro_e, chequers_serial_rivers_small_3,
          minmay_close_crescents
D:2:      layout_rooms, uniq_robin, uniq_jessica
D:3:      layout_loops_corners, mainiacjoe_overflow_alcove_1,
          gammafunk_ghost_arena, kennysheep_cross_room, uniq_natasha
D:4:      layout_rooms, grunt_temple_overflow_open, serial_shops, shop,
          nicolae_shop_bloodbath_and_beyond, nicolae_shop_rolling_square, shop,
          grunt_decor_clamped
D:5:      layout_loops_cross, minmay_chambers_of_fives, uniq_ijyb

Skill      XL: |  1  2  3  4  5  6  7 |
---------------+----------------------+-----
Axes           | 4 5 6 7 |  7.7
Fighting       | 4 5 |  5.7
Armour         | 3 4 |  4.1
Dodging        | 3 |  3.5
Stealth        | 1 |  1.1
Unarmed Combat | |  0.8

Action                     |  1- 3 |  4- 6 |  7- 9 || total
---------------------------+-------+-------+-------++-------
  Melee: Hand axe          |    66 |       |       ||    66
         Headbutt          |     7 |    14 |     3 ||    24
         War axe           |     2 |   109 |    16 ||   127
         Unarmed           |       |    13 |       ||    13
         Kick              |       |    14 |     6 ||    20
 Invoke: Berserk           |     1 |       |     1 ||     2
         Trog's Hand       |       |       |     1 ||     1
    Use: Potion            |       |     3 |       ||     3
 Armour: Animal skin       |    13 |       |       ||    13
         Leather armour    |    29 |    74 |    25 ||   128
         Skin              |       |     9 |       ||     9
  Dodge: Dodged            |    42 |    61 |    19 ||   122

Table legend: (Time is in decaauts)
 A = Elapsed time spent in this place.
 B = Non-inter-level travel time spent in this place.
 C = Inter-level travel time spent in this place.
 D = Time resting spent in this place.
 E = Time spent auto-exploring this place.
 F = Levels seen in this place.
 G = Mean time per level.
                   A        B        C        D        E       F      G
               +--------+--------+--------+--------+--------+-----+--------+
         Total |   4123 |   3983 |    140 |    518 |   2857 |   5 |  824.6 |
       Dungeon |   4123 |   3983 |    140 |    518 |   2857 |   5 |  824.6 |
               +--------+--------+--------+--------+--------+-----+--------+

Top non-repeatable levels by time:
     D:3: 1028 daAuts
     D:1: 1015 daAuts
     D:5: 839 daAuts
     D:2: 673 daAuts
     D:4: 565 daAuts
